 Dungeon Crawl Stone Soup version 0.22.1-2-g9c5b331 (webtiles) character file.

1847 WarriorsX the Covered (level 9, -4/66 HPs)
             Began as a Human Fighter on Dec 11, 2018.
             Was an Initiate of Nemelex Xobeh.
             Killed from afar by a raiju (6 damage)
             ... with a living lightning
             ... on level 1 of the Abyss.
             The game lasted 00:33:02 (8852 turns).

WarriorsX the Covered (Human Fighter)               Turns: 8852, Time: 00:33:02

Health: -4/66      AC: 15    Str: 20    XL:     9   Next: 34%
Magic:  10/10      EV: 10    Int:  9    God:    Nemelex Xobeh [......]
Gold:   152        SH:  0    Dex: 12    Spells: 8/8 levels left

rFire    . . .     SeeInvis .   a - +1 long sword
rCold    . . .     Gourm    .   (no shield)
rNeg     . . .     Faith    .   b - +0 chain mail
rPois    .         Spirit   .   v - +2 helmet
rElec    .         Reflect  .   j - +0 cloak
rCorr    +         Harm     .   (no gloves)
MR       .....                  (no boots)
Stlth    ..........             (no amulet)
HPRegen  0.21/turn              q - ring of stealth
MPRegen  0.12/turn              g - ring of resist corrosion

@: starving, drained
A: no striking features
a: Renounce Religion


You were on level 1 of the Abyss.
You worshipped Nemelex Xobeh.
Nemelex Xobeh was noncommittal.
You were starving.

You visited 2 branches of the dungeon, and saw 7 of its levels.
You visited the Abyss 1 time.

You collected 190 gold pieces.
You spent 38 gold pieces at shops.

Inventory:

Hand Weapons
 a - a +1 long sword (weapon)
 p - a +1 spear of venom
 G - a +3 morningstar
Missiles
 c - 3 poisoned javelins (quivered)
Armour
 b - a +0 chain mail (worn)
 j - a +0 cloak (worn)
 v - a +2 helmet (worn)
 y - a +0 scale mail of poison resistance
Jewellery
 g - a ring of resist corrosion (right hand)
 q - a ring of stealth (left hand)
 u - an uncursed amulet of inaccuracy
Scrolls
 e - 6 scrolls of identify
 i - a scroll of teleportation
 l - 2 scrolls of remove curse
 n - a scroll of enchant weapon
 x - 2 scrolls of blinking
 A - a scroll of enchant armour
 F - a scroll of fog
Potions
 d - a potion of might
 k - 3 potions of curing
 o - a potion of resistance
 r - 2 potions of heal wounds
 w - a potion of cancellation
Miscellaneous
 h - a lamp of fire
 z - a plain deck of escape {drawn: 4}
Comestibles
 f - 12 rations


   Skills:
 - Level 4.4(4.1) Fighting
 - Level 6.1(5.8) Long Blades
 - Level 0.4(0.1) Polearms
 - Level 7.1(6.8) Armour
 - Level 5.9(5.6) Dodging
   Level 3.0(2.7) Shields
 * Level 2.6(2.3) Evocations


You had 8 spell levels left.
You didn't know any spells.
Your spell library contained the following spells:

 Spells                   Type           Power        Failure   Level  Hunger
 Summon Small Mammal      Summ           #...         98%         1    ##.....
 Call Imp                 Summ           #.......     99%         2    ###....
 Call Canine Familiar     Summ           #.......     100%        3    ####...
 Summon Guardian Golem    Hex/Summ       #.......     100%        3    ####...
 Summon Ice Beast         Ice/Summ       #.......     100%        4    #####..
 Summon Lightning Spire   Summ/Air       #.......     100%        4    #####..


Dungeon Overview and Level Annotations

Branches:
Dungeon (6/15)             Temple (1/1) D:6

Altars:
Ashenzari
Cheibriados
Dithmenos
Elyvilon
Fedhas
Gozag
Hepliaklqana
Makhleb
Nemelex Xobeh
Okawaru
Qazlal
Sif Muna
Uskayaw
Vehumet
Wu Jian
Xom
Yredelemnul
Zin

Shops:
D:5 *

Annotations:
D:6 Grinder


Message History

The fire dragon skeleton tramples you but does no damage.
The raiju bites you but does no damage. x2
You hit the fire dragon skeleton.
The fire dragon skeleton is almost destroyed.
The fire dragon skeleton closely misses you.
You riposte.
You hit the fire dragon skeleton but do no damage.
The fire dragon skeleton is almost destroyed.
The fire dragon skeleton claws you but does no damage.
The fire dragon skeleton tramples you.
* * * LOW HITPOINT WARNING * * *
The raiju bites you but does no damage. The raiju bites you.
* * * LOW HITPOINT WARNING * * *
The raiju shocks you!
* * * LOW HITPOINT WARNING * * *
The raiju bursts into living lightning!
The living lightning hits the raiju.
The raiju completely resists.
The living lightning hits you!
You die...
Your body disappears without a glow.

#. # # ## #.#
.. ## . .#..#
# ####...# #
##.h@# .#.#h.#
#...h##Z..#
######.###....
# # ... #. # #
.. # #


You could see 3 raiju and a fire dragon skeleton.

Vanquished Creatures
  A chaos spawn (Abyss:1)
  A phantom (D:5)
  3 ogres
  An orc warrior (D:4)
  A black bear (D:5)
  A centaur (D:6)
  3 bullfrogs
  A water moccasin skeleton (D:5)
  2 wights
  A howler monkey (D:5)
  The ghost of kalagan the Digger, a weakling DEEE (D:3)
  2 crimson imps
  4 hounds
  3 orc wizards
  An iron imp (Abyss:1)
  2 iguanas
  5 worker ants
  A hound skeleton (D:6)
  4 gnolls (D:1)
  7 adders
  A shadow imp (D:6)
  A white imp (Abyss:1)
  2 oozes
  2 adder skeletons
  A worm (D:6)
  A leopard gecko (D:1)
  15 orcs
  3 giant cockroaches
  10 goblins
  8 hobgoblins
  7 jackals
  3 kobolds
  2 quokkas
  A ball python (D:1)
  8 bats
  10 frilled lizards
  2 quokka zombies
  10 rats
132 creatures vanquished.

Notes
Turn   | Place    | Note
-------+----------+-------------------------------------------
     0 | D:1      | WarriorsX the Human Fighter began the quest for the Orb.
     0 | D:1      | Reached XP level 1. HP: 18/18 MP: 1/1
    69 | D:1      | Reached skill level 1 in Dodging
   108 | D:1      | Reached XP level 2. HP: 23/24 MP: 2/2
   720 | D:1      | Reached XP level 3. HP: 24/29 MP: 3/3
  1365 | D:2      | Found an ornate altar of the Wu Jian Council.
  1410 | D:2      | Reached XP level 4. HP: 35/35 MP: 4/4
  2286 | D:1      | Reached XP level 5. HP: 24/41 MP: 5/5
  2811 | D:2      | Found a faded altar of an unknown god.
  3292 | D:3      | Found a runed door.
  3293 | D:3      | Noticed kalagan's ghost (weakling DEEE)
  3315 | D:3      | Killed kalagan's ghost
  3348 | D:3      | Reached XP level 6. HP: 37/49 MP: 6/6
  3548 | D:4      | Noticed an ogre
  3555 | D:4      | Killed an ogre
  3590 | D:4      | Found a hazy altar of Hepliaklqana.
  3816 | D:4      | Noticed an ogre
  3820 | D:4      | Killed an ogre
  3820 | D:4      | Reached XP level 7. HP: 55/55 MP: 7/7
  4295 | D:4      | Reached skill level 5 in Long Blades
  4755 | D:4      | Found a deep blue altar of Sif Muna.
  4817 | D:5      | Entered Level 5 of the Dungeon
  5261 | D:4      | Reached skill level 4 in Armour
  5635 | D:5      | Reached skill level 5 in Armour
  5635 | D:5      | Reached XP level 8. HP: 27/61 MP: 8/8
  6023 | D:5      | Reached skill level 6 in Armour
  6291 | D:5      | Found Onelenid's Assorted Antiques.
  6294 | D:5      | Bought a smoky coppery potion for 18 gold pieces
  6294 | D:5      | Bought a scroll labeled GOASU SOUMAS for 20 gold pieces
  6719 | D:5      | Reached skill level 7 in Armour
  6781 | D:6      | Found a sparkling altar of Nemelex Xobeh.
  6781 | D:6      | Found an opulent altar of Gozag.
  7364 | D:6      | Became a worshipper of Nemelex Xobeh the Trickster
  7422 | D:6      | Found a shadowy altar of Dithmenos.
  7587 | D:6      | Found a staircase to the Ecumenical Temple.
  7598 | D:6      | Reached XP level 9. HP: 65/66 MP: 9/9
  7606 | Temple   | Entered the Ecumenical Temple
  7606 | Temple   | Received a gift from Nemelex Xobeh
  7826 | D:5      | Reached skill level 5 in Dodging
  8408 | D:6      | Noticed Grinder
  8421 | D:6      | Cast into level 1 of the Abyss (drawing a card)
  8843 | Abyss:1  | Noticed a raiju
  8846 | Abyss:1  | Noticed a raiju
  8847 | Abyss:1  | Noticed a raiju
  8851 | Abyss:1  | HP: 2/66 [raiju (8)]
  8852 | Abyss:1  | Killed from afar by a raiju

Skill      XL: |  1  2  3  4  5  6  7  8  9 |
---------------+----------------------------+-----
Dodging        | 1 2 3 4 5 |  5.9
Fighting       | 4 |  4.4
Long Blades    | 4 5 6 |  6.1
Armour         | 5 7 |  7.1
Evocations     | 2 |  2.6
Polearms       | |  0.4
Shields        | |  3.0

Action                   |  1- 3 |  4- 6 |  7- 9 || total
-------------------------+-------+-------+-------++-------
Melee: Long sword        |   101 |    21 |   419 ||   541
       Spear             |       |   143 |   192 ||   335
Throw: Javelin           |       |       |    10 ||    10
Evoke: Deck              |       |       |     4 ||     4
  Use: Potion            |       |     5 |     9 ||    14
       Scroll            |       |     1 |    15 ||    16
  Eat: Chunk             |     2 |     7 |     9 ||    18
       Ration            |       |       |     2 ||     2
Armor: Scale mail        |    38 |    27 |       ||    65
       Chain mail        |       |    37 |   370 ||   407
Dodge: Dodged            |    46 |    85 |   340 ||   471
Block: Shield            |    28 |       |       ||    28
       Rpst.: Long sword |    16 |     6 |    91 ||   113
